BR (22 & UNDER)
MONROE MALLARDS @ PITTSBURGH KILLA BEEZ
09/13/2029
 
TOP OF THE 1ST
Monroe Mallards batting - Pitching for Pittsburgh Killa Beez : RHP Takuya Hayashi
Pitching: RHP Takuya Hayashi
Batting: RHB Benito Bo 0-0: Called Strike
0-1: Ball
1-1: Ball
2-1: Fly out, F8 (Flyball, 8LM)
Batting: RHB Dave Sawyer 0-0: Ball
1-0: Ball
2-0: Ball
3-0: Base on Balls
Batting: LHB Allen Boyd 0-0: Ball
1-0: Ball
2-0: Swinging Strike
2-1: Ball
Dave Sawyer steals 2nd base
3-1: DOUBLE (Flyball, 8RD)
Dave Sawyer scores
Batting: LHB Lino Baena 0-0: Ball
1-0: Swinging Strike
1-1: Ball
2-1: Swinging Strike
2-2: Ball
Wild Pitch!
Allen Boyd to third
3-2: SINGLE (Groundball, 34D)
Allen Boyd scores
Batting: LHB Frank Byrd 0-0: Ball
1-0: Called Strike
1-1: Foul Ball, location: 2F
1-2: Ball
2-2: Ball
3-2: Strikes out swinging
Lino Baena steals 2nd base
Batter strikes out.
Batting: RHB Roberto Sánchez 0-0: Ball
1-0: Swinging Strike
1-1: Foul Ball, location: 2F
1-2: Strikes out swinging, 2-3 out at first.
Top of the 1st over - 2 runs, 2 hits, 0 errors, 1 left on base; Monroe 2 - Pittsburgh 0
BOTTOM OF THE 1ST
Pittsburgh Killa Beez batting - Pitching for Monroe Mallards : RHP David Alomar
Pitching: RHP David Alomar
Batting: RHB Víctor Ochoa 0-0: Ball
1-0: Ground out 4-3 (Groundball, 4)
Batting: LHB Argaw Mwita 0-0: SINGLE (Line Drive, 4MD)
Batting: LHB Brian Lawson 0-0: Ball
1-0: Ball
2-0: Ball
3-0: Called Strike
3-1: Base on Balls
Argaw Mwita to second
Batting: SHB Ricardo Silva 0-0: Swinging Strike
0-1: Fielders Choice at 2nd, 1-6 (Groundball, 13S)
Argaw Mwita to third
Batting: RHB Javier Pérez 0-0: Called Strike
0-1: Ball
1-1: Foul Ball, location: 2F
1-2: Foul Ball, location: 2F
1-2: Strikes out swinging
Bottom of the 1st over - 0 runs, 1 hit, 0 errors, 2 left on base; Monroe 2 - Pittsburgh 0
TOP OF THE 2ND
Monroe Mallards batting - Pitching for Pittsburgh Killa Beez : RHP Takuya Hayashi
Batting: RHB Jorge Vázquez 0-0: Called Strike
0-1: Fly out, F8 (Flyball, 8RD)
Batting: RHB Héctor Vega 0-0: Ball
1-0: TRIPLE (Flyball, 78D)
Batting: RHB Cisco Guerra 0-0: Called Strike
0-1: Foul Ball, location: 2F
0-2: 2-RUN HOME RUN (Line Drive, 78XD), Distance : 396 ft
Batting: RHB Benito Bo 0-0: Called Strike
0-1: Ball
1-1: Foul Ball, location: 2F
1-2: Ball
2-2: Ball
3-2: Fly out, F8 (Flyball, 8RM)
Batting: RHB Dave Sawyer 0-0: Ball
1-0: SINGLE (Line Drive, 78S)
Batting: LHB Allen Boyd 0-0: Ball
1-0: Ball
Dave Sawyer steals 2nd base
2-0: Foul Ball, location: 2F
2-1: Foul Ball, location: 2F
2-2: Ball
3-2: Foul Ball, location: 2F
3-2: Foul Ball, location: 2F
3-2: Ground out 3-1 (Groundball, 23)
Top of the 2nd over - 2 runs, 3 hits, 0 errors, 1 left on base; Monroe 4 - Pittsburgh 0
BOTTOM OF THE 2ND
Pittsburgh Killa Beez batting - Pitching for Monroe Mallards : RHP David Alomar
Pitching: RHP Craig Mills
Batting: RHB Tommy Smith 0-0: Ball
1-0: Foul Ball, location: 2F
1-1: Foul Ball, location: 2F
1-2: Ball
2-2: Ball
3-2: SINGLE (Line Drive, 6MD)
Batting: LHB José Cantú 0-0: Ball
1-0: Ball
2-0: Ball
3-0: Base on Balls
Tommy Smith to second
Batting: SHB Manuel Cabrera 0-0: SINGLE (Groundball, P) (infield hit)
Tommy Smith to third
José Cantú to second
Batting: RHB Gerardo Romero 0-0: Called Strike
0-1: SINGLE (Groundball, 56D)
Tommy Smith scores
José Cantú to third
Manuel Cabrera to second
Batting: RHB Víctor Ochoa 0-0: Called Strike
0-1: Ball
1-1: Ball
2-1: Foul Ball, location: 2F
2-2: Ball
3-2: Grounds into fielders choice 1-2 (Groundball, 15S)
Manuel Cabrera to third
Gerardo Romero to second
Batting: LHB Argaw Mwita 0-0: Ball
1-0: Ball
2-0: Ball
3-0: Called Strike
3-1: Foul Ball, location: 2F
3-2: Foul Ball, location: 2F
3-2: Foul Ball, location: 2F
3-2: Strikes out swinging
Batting: LHB Brian Lawson 0-0: Ball
1-0: Foul Ball, location: 2F
1-1: Swinging Strike
1-2: Ball
2-2: Ground out U3 (Groundball, 34)
Bottom of the 2nd over - 1 run, 3 hits, 0 errors, 3 left on base; Monroe 4 - Pittsburgh 1
TOP OF THE 3RD
Monroe Mallards batting - Pitching for Pittsburgh Killa Beez : RHP Takuya Hayashi
Batting: LHB Lino Baena 0-0: Ball
1-0: Ball
2-0: Called Strike
2-1: Ball
3-1: Base on Balls
Batting: LHB Frank Byrd 0-0: Ball
1-0: Foul Ball, location: 2F
1-1: Grounds into double play, 5-4-3 (Groundball, 5)
Batting: RHB Roberto Sánchez 0-0: SINGLE (Groundball, 34D)
Batting: RHB Jorge Vázquez 0-0: Ground out 5-3 (Groundball, 56S)
Top of the 3rd over - 0 runs, 1 hit, 0 errors, 1 left on base; Monroe 4 - Pittsburgh 1
BOTTOM OF THE 3RD
Pittsburgh Killa Beez batting - Pitching for Monroe Mallards : RHP Craig Mills
Batting: SHB Ricardo Silva 0-0: Ground out 6-3 (Groundball, 6)
Batting: RHB Javier Pérez 0-0: Ball
1-0: Ground out 6-3 (Groundball, 6)
Batting: RHB Tommy Smith 0-0: Ball
1-0: Swinging Strike
1-1: Called Strike
1-2: Ball
2-2: Strikes out looking
Bottom of the 3rd over - 0 runs, 0 hits, 0 errors, 0 left on base; Monroe 4 - Pittsburgh 1
TOP OF THE 4TH
Monroe Mallards batting - Pitching for Pittsburgh Killa Beez : RHP Takuya Hayashi
Batting: RHB Héctor Vega 0-0: Called Strike
0-1: SINGLE (Groundball, 56D)
Batting: RHB Cisco Guerra 0-0: Foul Ball, location: 2F
0-1: Ball
Héctor Vega steals 2nd base
1-1: Called Strike
1-2: Ball
2-2: Foul Ball, location: 2F
2-2: Strikes out looking and he physically ARGUES THE CALL AND IS TOSSED!
Batting: RHB Benito Bo 0-0: Ball
1-0: Ground out U3 (Groundball, 3)
Héctor Vega to third
Batting: RHB Dave Sawyer 0-0: Foul Ball, location: 2F
0-1: Ball
1-1: Ball
2-1: Swinging Strike
2-2: Strikes out looking
Top of the 4th over - 0 runs, 1 hit, 0 errors, 1 left on base; Monroe 4 - Pittsburgh 1
BOTTOM OF THE 4TH
Pittsburgh Killa Beez batting - Pitching for Monroe Mallards : RHP Craig Mills
Now at C: Ramón Ortega
Batting: LHB José Cantú 0-0: Ball
1-0: Ball
2-0: Foul Ball, location: 2F
2-1: Ground out 4-3 (Groundball, 4)
Batting: SHB Manuel Cabrera 0-0: Called Strike
0-1: Ball
1-1: Swinging Strike
1-2: Foul Ball, location: 2F
1-2: Strikes out swinging
Pitching: LHP Jeffery Cleveland
Batting: RHB Gerardo Romero 0-0: Foul Ball, location: 2F
0-1: Foul Ball, location: 2F
0-2: Strikes out swinging
Bottom of the 4th over - 0 runs, 0 hits, 0 errors, 0 left on base; Monroe 4 - Pittsburgh 1
TOP OF THE 5TH
Monroe Mallards batting - Pitching for Pittsburgh Killa Beez : RHP Takuya Hayashi
Batting: LHB Allen Boyd 0-0: Ball
1-0: Ball
2-0: Ball
3-0: Swinging Strike
3-1: Base on Balls
Batting: LHB Lino Baena 0-0: Called Strike
0-1: Single, Error in OF, E7, batter to second base
Allen Boyd to third
Batting: LHB Frank Byrd 0-0: Ball
1-0: Foul Ball, location: 2F
1-1: Fly out, F7 (Flyball, 78M)
Runner from 3rd tags up, SCORES, throw made
Batting: RHB Roberto Sánchez 0-0: Ball
1-0: Called Strike
1-1: SINGLE (Flyball, 8LS)
Lino Baena to third
Batting: RHB Jorge Vázquez 0-0: Ball
1-0: Called Strike
1-1: Foul Ball, location: 2F
1-2: DOUBLE (Line Drive, 8LD)
Lino Baena scores
Roberto Sánchez to third
Pitching: RHP Jorge Ochoa
Batting: RHB Héctor Vega 0-0: Called Strike
0-1: Foul Ball, location: 2F
0-2: SINGLE (Line Drive, 7S)
Roberto Sánchez scores
Jorge Vázquez to third
Runner from 3rd tries for Home, SAFE, no throw
Batting: LHB Ramón Ortega 0-0: Foul Ball, location: 2F
0-1: Ball
1-1: Called Strike
1-2: Foul Ball, location: 2F
1-2: Ball
2-2: Ball
Héctor Vega steals 2nd base
3-2: Strikes out swinging
Batting: RHB Benito Bo 0-0: Ground out U3 (Groundball, 3L)
Top of the 5th over - 4 runs, 4 hits, 1 error, 1 left on base; Monroe 8 - Pittsburgh 1
BOTTOM OF THE 5TH
Pittsburgh Killa Beez batting - Pitching for Monroe Mallards : LHP Jeffery Cleveland
Batting: RHB Víctor Ochoa 0-0: Fly out, F9 (Flyball, 9LS)
Batting: LHB Argaw Mwita 0-0: Ball
1-0: Ball
2-0: Ball
3-0: Base on Balls
Batting: LHB Brian Lawson 0-0: Ball
1-0: Called Strike
1-1: SINGLE (Line Drive, 7S)
Argaw Mwita to second
Batting: SHB Ricardo Silva 0-0: Foul Ball, location: 2F
0-1: Swinging Strike
0-2: Fly out, F9 (Flyball, 89S)
Batting: RHB Javier Pérez 0-0: Foul Ball, location: 2F
0-1: Swinging Strike
0-2: Fly out, F1 (Popup, 13)
Bottom of the 5th over - 0 runs, 1 hit, 0 errors, 2 left on base; Monroe 8 - Pittsburgh 1
TOP OF THE 6TH
Monroe Mallards batting - Pitching for Pittsburgh Killa Beez : RHP Jorge Ochoa
Batting: RHB Dave Sawyer 0-0: Ball
1-0: Ball
2-0: Ball
3-0: Called Strike
3-1: Ground out 5-3 (Groundball, 56)
Batting: LHB Allen Boyd 0-0: Ground out U3 (Groundball, 3S)
Batting: LHB Lino Baena 0-0: Ball
1-0: Ball
2-0: Ball
3-0: Base on Balls
Batting: LHB Frank Byrd 0-0: Called Strike
0-1: Ball
Wild Pitch!
Lino Baena to second
1-1: SINGLE (Line Drive, 3D)
Lino Baena to third
Runner from 3rd tries for Home, SAFE, no throw
Batting: RHB Roberto Sánchez 0-0: Ball
1-0: Swinging Strike
1-1: Foul Ball, location: 2F
1-2: Foul Ball, location: 2F
1-2: Ball
2-2: SINGLE (Groundball, 4D)
Frank Byrd to second
Runner from 2nd tries for 3rd, SAFE, no throw
Batting: RHB Jorge Vázquez 0-0: Ball
1-0: Called Strike
1-1: Swinging Strike
1-2: Foul Ball, location: 2F
1-2: Strikes out swinging
Top of the 6th over - 1 run, 2 hits, 0 errors, 2 left on base; Monroe 9 - Pittsburgh 1
BOTTOM OF THE 6TH
Pittsburgh Killa Beez batting - Pitching for Monroe Mallards : LHP Jeffery Cleveland
Batting: RHB Tommy Smith 0-0: Ball
1-0: SINGLE (Line Drive, 7)
Batting: LHB José Cantú 0-0: Ball
1-0: Swinging Strike
1-1: Called Strike
1-2: Ball
2-2: Foul Ball, location: 2F
2-2: Ball
3-2: Foul Ball, location: 2F
3-2: SINGLE (Line Drive, 4M)
Tommy Smith to second
Batting: SHB Manuel Cabrera 0-0: Ball
1-0: Called Strike
1-1: Foul Ball, location: 2F
1-2: Ball
2-2: Strikes out swinging
Batting: RHB Gerardo Romero 0-0: Ball
1-0: Ball
2-0: Ball
3-0: Called Strike
3-1: Called Strike
3-2: Strikes out swinging
Batting: RHB Víctor Ochoa 0-0: Fielders Choice at 2nd, 5-4 (Groundball, 56)
Bottom of the 6th over - 0 runs, 2 hits, 0 errors, 2 left on base; Monroe 9 - Pittsburgh 1
TOP OF THE 7TH
Monroe Mallards batting - Pitching for Pittsburgh Killa Beez : RHP Jorge Ochoa
Batting: RHB Héctor Vega 0-0: Called Strike
0-1: Swinging Strike
0-2: Strikes out swinging
Batting: LHB Ramón Ortega 0-0: Ground out U3 (Groundball, 34S)
Batting: RHB Benito Bo 0-0: Ball
1-0: Ball
2-0: Fly out, F3 (Popup, 3F)
Top of the 7th over - 0 runs, 0 hits, 0 errors, 0 left on base; Monroe 9 - Pittsburgh 1
BOTTOM OF THE 7TH
Pittsburgh Killa Beez batting - Pitching for Monroe Mallards : LHP Jeffery Cleveland
Batting: LHB Argaw Mwita 0-0: SOLO HOME RUN (Flyball, 89XD), Distance : 371 ft
Batting: LHB Brian Lawson 0-0: Ball
1-0: SINGLE (Groundball, 56D)
Batting: SHB Ricardo Silva 0-0: Foul Ball, location: 2F
0-1: Grounds into double play, 6-4-3 (Groundball, 56)
Batting: RHB Javier Pérez 0-0: Ground out 6-3 (Groundball, 6)
Bottom of the 7th over - 1 run, 2 hits, 0 errors, 0 left on base; Monroe 9 - Pittsburgh 2
TOP OF THE 8TH
Monroe Mallards batting - Pitching for Pittsburgh Killa Beez : RHP Jorge Ochoa
Batting: RHB Dave Sawyer 0-0: Ball
1-0: Ball
2-0: Ball
3-0: Base on Balls
Batting: LHB Allen Boyd 0-0: Called Strike
0-1: Foul Ball, location: 2F
0-2: Foul Ball, location: 2F
0-2: Ball
1-2: Ball
2-2: Ball
3-2: Foul Ball, location: 2F
3-2: Foul Ball, location: 2F
3-2: Foul Ball, location: 2F
3-2: SINGLE (Groundball, 4D)
Dave Sawyer to second
Runner from 2nd tries for 3rd, SAFE, no throw
Batting: LHB Lino Baena 0-0: SINGLE (Groundball, 56D)
Dave Sawyer scores
Allen Boyd to second
Batting: LHB Frank Byrd 0-0: Grounds into double play, 3-6-3 (Groundball, 34)
Allen Boyd to third
Batting: RHB Roberto Sánchez 0-0: Ball
1-0: Foul Ball, location: 2F
1-1: Foul Ball, location: 2F
1-2: Fly out, F9 (Flyball, 9S)
Top of the 8th over - 1 run, 2 hits, 0 errors, 1 left on base; Monroe 10 - Pittsburgh 2
BOTTOM OF THE 8TH
Pittsburgh Killa Beez batting - Pitching for Monroe Mallards : LHP Jeffery Cleveland
Pitching: RHP Hoyt Richardson
Batting: RHB Tommy Smith 0-0: Hit by Pitch
Batting: LHB José Cantú 0-0: Grounds into double play, 4-6-3 (Groundball, 4)
Batting: SHB Manuel Cabrera 0-0: Ball
1-0: Ball
2-0: Called Strike
2-1: Ball
3-1: Foul Ball, location: 2F
3-2: SINGLE (Groundball, 6MD)
Batting: RHB Gerardo Romero 0-0: Called Strike
0-1: Ball
1-1: Swinging Strike
1-2: Ball
2-2: Strikes out looking
Bottom of the 8th over - 0 runs, 1 hit, 0 errors, 1 left on base; Monroe 10 - Pittsburgh 2
TOP OF THE 9TH
Monroe Mallards batting - Pitching for Pittsburgh Killa Beez : RHP Jorge Ochoa
Batting: RHB Jorge Vázquez 0-0: Ground out U3 (Groundball, 34)
Batting: RHB Héctor Vega 0-0: Ground out 6-3 (Groundball, 6)
Batting: LHB Ramón Ortega 0-0: Called Strike
0-1: Ball
1-1: Swinging Strike
1-2: Foul Ball, location: 2F
1-2: SINGLE (Groundball, 4MD)
Batting: RHB Benito Bo 0-0: Called Strike
0-1: Called Strike
0-2: Ball
1-2: Fly out, F9 (Flyball, 9LS)
Top of the 9th over - 0 runs, 1 hit, 0 errors, 1 left on base; Monroe 10 - Pittsburgh 2
BOTTOM OF THE 9TH
Pittsburgh Killa Beez batting - Pitching for Monroe Mallards : RHP Hoyt Richardson
Batting: RHB Víctor Ochoa 0-0: Ball
1-0: Ball
2-0: Called Strike
2-1: Ball
3-1: Called Strike
3-2: Base on Balls
Batting: LHB Argaw Mwita 0-0: Ball
1-0: Called Strike
1-1: Ball
2-1: Ball
3-1: Called Strike
3-2: Base on Balls
Víctor Ochoa to second
Batting: LHB Brian Lawson 0-0: Ball
1-0: Called Strike
1-1: Foul Ball, location: 2F
1-2: Fly out, F7 (Flyball, 7)
Batting: SHB Ricardo Silva 0-0: Ball
1-0: Ball
2-0: Ball
3-0: Called Strike
3-1: Foul Ball, location: 2F
3-2: Strikes out swinging
Batting: RHB Javier Pérez 0-0: Ball
1-0: Ball
2-0: Ball
3-0: Foul Ball, location: 2F
3-1: Foul Ball, location: 2F
3-2: SINGLE (Line Drive, 78S)
Víctor Ochoa to third
Argaw Mwita to second
Víctor Ochoa scores
Argaw Mwita to third
Batting: RHB Tommy Smith 0-0: SINGLE (Groundball, 56D)
Argaw Mwita scores
Javier Pérez to second
Pitching: LHP José Meléndez
Batting: LHB José Cantú 0-0: Ball
1-0: Fly out, F9 (Line Drive, 9S)
Bottom of the 9th over - 2 runs, 2 hits, 0 errors, 2 left on base; Monroe 10 - Pittsburgh 4
Saturday, December 16th, 2017 - OOTP Baseball 18.8 Build 76